[Event "Late-Titled-Tuesday-Blitz-September-12-2023"]
[Site "Chess.com"]
[Date "2023.09.12"]
[Round "2"]
[White "ElCoachRene"]
[Black "muchojogo"]
[Result "0-1"]
[WhiteElo "2202"]
[BlackElo "2475"]
[TimeControl "180+1"]
[EndTime "14:16:44 PDT"]
[Termination "muchojogo won by resignation"]

1. d4 Nf6 2. Bf4 c5 3. e3 Nd5 4. Bg3 Qb6 5. Qc1 cxd4 6. exd4 Qxd4 7. Nf3 Qb6 8. Nbd2 e6 9. Nc4 Qc5 10. a3 a5 11. c3 a4 12. Be2 b5 13. Nce5 d6 14.
Nd3 Qb6 15. O-O Be7 16. Nb4 Bb7 17. Rd1 O-O 18. Qd2 Nd7 19. Bd3 Nxb4 20. axb4 e5 21. Qe2 Bc6 22. Be4 Nf6 23. Bxc6 Qxc6 24. h3 g6 25. Bh4 Kg7 26. Qe3 Nd5 27. Rxd5 Qxd5 28. Bxe7 Rfe8 29. Bg5 f6 30. Bh6+ Kf7 31. Qd2 Qxd2 32.
Bxd2 d5 33. Rd1 a3 34. bxa3 Rxa3 35. Ne1 Ke6 36. Kf1 Rea8 37. Nd3 Ra1 38. Nc5+ Kd6 39.
Ke2 Rxd1 40. Kxd1 Ra1+ 41. Ke2 Ra2 42. Kd1 d4 43. cxd4 exd4 44. Bf4+ Kd5 45. Bg3 Kc4 46. Nd7 Kd3 47. Kc1 Ke2 48. Nxf6 d3 49. Bf4 d2+ 0-1

[Event "Late-Titled-Tuesday-Blitz-September-12-2023"]
[Site "Chess.com"]
[Date "2023.09.12"]
[Round "2"]
[White "SCIM"]
[Black "Parhamov"]
[Result "0-1"]
[WhiteElo "2589"]
[BlackElo "3102"]
[TimeControl "180+1"]
[EndTime "14:16:45 PDT"]
[Termination "Parhamov won by resignation"]

1. d4 Nf6 2. c4 e6 3. Nc3 Bb4 4. e3 O-O 5. Bd3 b6 6. Ne2 Bb7 7. O-O d5 8. cxd5 exd5 9. Bd2 a6 10. Nf4 Re8 11. Rc1 Bd6 12. Bb1 Nbd7 13. Qf3 c6 14. Qh3 Nf8 15. Nd3 Bc8 16. g4 Bxg4 17. Qg2 Ng6 18. f3 Bf5 19. Kh1 c5 20. Rg1 c4 21.
Nf2 Bxb1 22. Rxb1 b5 23. f4 Bf8 24. a3 Qd7 25. Rbe1 a5 26. e4 dxe4 27. Ncxe4 Nxe4 28.
Nxe4 b4 29. Ref1 Qxd4 30. Ng5 Rad8 31. Bc1 Qd5 32. f5 Nh4 33. Qxd5 Rxd5 34. f6 g6 35. Rf4 Nf5 36. Rxc4 bxa3 37. bxa3 h6 38. Nf3 Rd3 39. Ne1 Rh3 40. Rf4 Kh7 41. Nf3 Re2 42.
Rg2 Re6 43. Ng1 Rd3 44. Bb2 Rd1 45. Rff2 Ree1 46. h3 Bc5 47. Re2 Rxg1+ 0-1

[Event "Late-Titled-Tuesday-Blitz-September-12-2023"]
[Site "Chess.com"]
[Date "2023.09.12"]
[Round "2"]
[White "AleksandrAleksikov"]
[Black "kacprekt"]
[Result "0-1"]
[WhiteElo "2266"]
[BlackElo "2504"]
[TimeControl "180+1"]
[EndTime "14:16:45 PDT"]
[Termination "kacprekt won by checkmate"]

1. e4 c5 2. Nf3 Nc6 3. d4 cxd4 4.
Nxd4 e6 5. Nc3 Qc7 6. Be2 Nf6 7.
O-O a6 8. Nxc6 dxc6 9. f4 e5 10. fxe5 Qxe5 11. Bf4 Qc5+ 12. Kh1 Be7 13. Bf3 O-O 14.
e5 Rd8 15. exf6 Rxd1 16. Raxd1 Bxf6 17. Ne4 Qb6 18. Nxf6+ gxf6 19. b3 Be6 20. c4 Qa5 21. Rf2 Kg7 22. Rfd2 b5 23. cxb5 axb5 24. Bxc6 Rc8 25.
Bf3 Rc3 26. Re2 h6 27. Bd2 b4 28. Bxc3 bxc3 29. Be4 Bg4 30. Bf3 Bxf3 31. gxf3 Qf5 32.
Rg1+ Kh7 33. Kg2 Qg6+ 34. Kf2 Qh5 35. Rg2 Qc5+ 36. Kf1 c2 37. Rxc2 Qd5 38. Rgf2 h5 39. Kg1 h4 40. Kg2 Qg5+ 41. Kh3 f5 42. f4 Qg4# 0-1

[Event "Late-Titled-Tuesday-Blitz-September-12-2023"]
[Site "Chess.com"]
[Date "2023.09.12"]
[Round "2"]
[White "kleopl"]
[Black "LastGladiator1"]
[Result "0-1"]
[WhiteElo "2538"]
[BlackElo "2946"]
[TimeControl "180+1"]
[EndTime "14:16:46 PDT"]
[Termination "LastGladiator1 won by resignation"]

1. e4 c5 2. Nc3 a6 3. Nf3 Nc6 4. d4 cxd4 5. Nxd4 e6 6. Be2 Qc7 7. O-O Nf6 8. Bg5 Bd6 9. g3 Be5 10. Nxc6 Qxc6 11. Bxf6 Bxf6 12. Qd3 b5 13. f4 Bb7 14.
Bf3 Bxc3 15. bxc3 Rc8 16. Rfd1 O-O 17. Kg2 Qxc3 18. Qxd7 Rc7 19. Qd6 Qxc2+ 20. Rd2 Qc3 21. Rb1 g6 22. h4 h5 23. a4 bxa4 24. Rxb7 Rxb7 25. f5 Rb2 26. Rxb2 Qxb2+ 27. Kh3 Qf6 28. g4 hxg4+ 29. Bxg4 gxf5 30. exf5 Rd8 31. Qxa6 Qc3+ 32.
Bf3 Qxf3+ 0-1

[Event "Late-Titled-Tuesday-Blitz-September-12-2023"]
[Site "Chess.com"]
[Date "2023.09.12"]
[Round "2"]
[White "Vladimir_Zakhartsov"]
[Black "AleksanderHnydiuk"]
[Result "1-0"]
[WhiteElo "2878"]
[BlackElo "2514"]
[TimeControl "180+1"]
[EndTime "14:16:46 PDT"]
[Termination "Vladimir_Zakhartsov won by resignation"]

1. d4 Nf6 2. c4 e6 3. Nc3 Bb4 4. e3 O-O 5. Nf3 c5 6. Bd3 d5 7.
O-O cxd4 8. exd4 dxc4 9. Bxc4 b6 10. Ne5 Bb7 11. Bg5 Be7 12. Re1 Nc6 13. Nxc6 Bxc6 14.
Rc1 h6 15. Bh4 Bb7 16. Bd3 Rc8 17. Bb1 Qd7 18. Qd3 g6 19. Rcd1 Nd5 20. Bg3 Nxc3 21. bxc3 Qd5 22. f3 Qc4 23. Qd2 Bg5 24. Bf4 Bxf4 25.
Qxf4 h5 26. Qh6 Rfe8 27. Bxg6 fxg6 28. Qxg6+ Kf8 29. Qf6+ Kg8 30. Re5 1-0

[Event "Late-Titled-Tuesday-Blitz-September-12-2023"]
[Site "Chess.com"]
[Date "2023.09.12"]
[Round "2"]
[White "louis198"]
[Black "Gogolev_Artemy"]
[Result "0-1"]
[WhiteElo "2691"]
[BlackElo "2414"]
[TimeControl "180+1"]
[EndTime "14:16:46 PDT"]
[Termination "Gogolev_Artemy won by resignation"]

1. d4 d5 2. c4 c6 3. Nc3 Nf6 4. Nf3 e6 5. e3 Nbd7 6. Qc2 Bd6 7.
g4 h6 8. Rg1 e5 9. cxd5 cxd5 10. dxe5 Nxe5 11. Bb5+ Bd7 12. Nxe5 Bxe5 13. Bd2 Rc8 14.
Bxd7+ Qxd7 15. Qd3 Bxh2 16. Rh1 Be5 17. g5 Ng4 18.
Nxd5 Bxb2 19. Rb1 Ne5 20. Qe4 Rc4 21. Qg2 Rg4 22. Qf1 Qxd5 23. Rxb2 Nd3+ 24. Ke2 Nxb2 25.
Qb1 Qc4+ 26. Kf3 Nd3 27. Bc3 Qe4+ 28. Ke2 Nf4+ 29. Kd2 Qd5+ 30. Bd4 Ne6 31. Re1 Nxd4 32. exd4+ Kf8 33. Qb4+ Kg8 34. Re8+ Kh7 35. Qb1+ g6 36. Re3 Rxd4+ 37. Ke2 Rd2+ 38. Ke1 Rd8 39. Qe4 Qxe4 40.
Rxe4 R2d6 41. Rh4 h5 42. Rb4 Re6+ 43. Kf1 b6 44. Kg2 Rd5 45. f4 Rd2+ 46. Kf3 Rxa2 47. Rd4 Ra5 48. Rd7 Kg7 49. Rb7 Rc6 50. f5 Rxf5+ 51.
Ke4 Rxg5 0-1

[Event "Late-Titled-Tuesday-Blitz-September-12-2023"]
[Site "Chess.com"]
[Date "2023.09.12"]
[Round "2"]
[White "GMBenjaminBok"]
[Black "BigAl"]
[Result "1-0"]
[WhiteElo "3028"]
[BlackElo "2543"]
[TimeControl "180+1"]
[EndTime "14:16:47 PDT"]
[Termination "GMBenjaminBok won by resignation"]

1. d4 Nf6 2. c4 g6 3. g3 Bg7 4. Bg2 O-O 5. Nc3 d6 6. Nf3 Nbd7 7.
O-O e5 8. e4 c6 9. Be3 Qa5 10. h3 Nb6 11. Qd3 exd4 12. Nxd4 Nfd7 13. b3 Ne5 14. Qc2 Nexc4 15. bxc4 Nxc4 16. Rad1 Nxe3 17. fxe3 Qe5 18. Qf2 Be6 19. a4 Bc4 20. Rfe1 Rfe8 21. Nce2 Qa5 22. Nf4 Re7 23. Qd2 Qg5 24. Kh2 Rae8 25.
Nf3 Qc5 26. Qxd6 Qxd6 27. Rxd6 Rxe4 28. Nd2 Rxf4 29. gxf4 Ba6 30. Ne4 h6 31. Red1 Kh7 32.
Rd8 Re6 33. R1d6 Re7 34. R6d7 Re6 35. Rxf7 Bd3 36. Rxd3 1-0

[Event "Late-Titled-Tuesday-Blitz-September-12-2023"]
[Site "Chess.com"]
[Date "2023.09.12"]
[Round "2"]
[White "reevecanada"]
[Black "BlueWizzard"]
[Result "0-1"]
[WhiteElo "2534"]
[BlackElo "2941"]
[TimeControl "180+1"]
[EndTime "14:16:47 PDT"]
[Termination "BlueWizzard won by checkmate"]

1. e4 g6 2. d4 d5 3. e5 c5 4. c3 Nc6 5. f4 Nh6 6. Nf3 cxd4 7.
cxd4 Bg4 8. Nc3 Nf5 9. Bb5 Bxf3 10. Qxf3 Nxd4 11. Bxc6+ bxc6 12. Qd3 Qb6 13. Be3 Nc2+ 14. Qxc2 Qxe3+ 15. Ne2 Rc8 16. Qd2 Qb6 17. O-O-O e6 18.
Kb1 c5 19. g4 c4 20. f5 Bb4 21. Qc2 c3 22. b3 a5 23. Nf4 a4 24. Rhf1 axb3 25.
axb3 Ra8 26. fxe6 fxe6 27. Rf2 Qa7 28. Qa2 O-O 29. Qxa7 Rxa7 30. Rdf1 Bc5 31. Rf3 Raf7 32. g5 Bd4 33. Nxd5 exd5 34. Rxf7 Rxf7 35. Rd1 Bxe5 36. Rxd5 Rf1+ 37. Kc2 Rf2+ 38. Kb1 c2+ 39. Kc1 Bf4+ 40. Kb2 c1=Q# 0-1

[Event "Late-Titled-Tuesday-Blitz-September-12-2023"]
[Site "Chess.com"]
[Date "2023.09.12"]
[Round "2"]
[White "Maksimus1998"]
[Black "Firouzja2003"]
[Result "0-1"]
[WhiteElo "2564"]
[BlackElo "3080"]
[TimeControl "180+1"]
[EndTime "14:16:49 PDT"]
[Termination "Firouzja2003 won by resignation"]

1. d4 Nf6 2. Nf3 g6 3. Bg5 Bg7 4. Nbd2 O-O 5. e4 d5 6. exd5 Nxd5 7. Be2 Nc6 8. c3 h6 9. Bh4 g5 10. Bg3 f5 11. Be5 Nxe5 12. Nxe5 c5 13. O-O cxd4 14. cxd4 Nf4 15. Bc4+ Kh7 16. Nb3 b5 17. Be2 Bxe5 18. dxe5 Bb7 19. Bf3 Qxd1 20. Rfxd1 Bxf3 21. gxf3 Rfd8 22. Kf1 Rac8 23. Nd4 e6 24. Nxb5 Rxd1+ 25. Rxd1 Rc2 26. Nxa7 Rxb2 27. a4 Ra2 28. Nc6 Rxa4 29. Ke1 Ra3 30. Rd6 Ra1+ 31. Kd2 Ra2+ 32. Ke1 Re2+ 33. Kf1 Rb2 34.
Ke1 Rb1+ 35. Kd2 Rf1 36. Nd4 Rxf2+ 37. Kc3 Rxh2 38. Nxe6 Nxe6 39. Rxe6 g4 40. fxg4 fxg4 41. Kd4 Re2 42. Re7+ Kg6 43. Re8 Kf7 44. Rh8 g3 45.
Rxh6 g2 46. Rf6+ Kg7 0-1

[Event "Late-Titled-Tuesday-Blitz-September-12-2023"]
[Site "Chess.com"]
[Date "2023.09.12"]
[Round "2"]
[White "Bauman_Guy"]
[Black "chessisveryfun1264"]
[Result "0-1"]
[WhiteElo "2898"]
[BlackElo "2541"]
[TimeControl "180+1"]
[EndTime "14:16:52 PDT"]
[Termination "chessisveryfun1264 won by resignation"]

1. e4 e6 2. d4 d5 3. Nc3 Bb4 4. e5 Ne7 5. a3 Bxc3+ 6. bxc3 c5 7. Qg4 Kf8 8. a4 b6 9. h4 Ba6 10. Bxa6 Nxa6 11. h5 h6 12. Ne2 Rc8 13. O-O cxd4 14. cxd4 Nf5 15. a5 b5 16. c3 Rc4 17.
Qh3 Qh4 18. Ba3+ Ke8 19. Qxh4 Nxh4 20. Rfb1 Nc7 21. a6 Kd7 22. Bc5 Kc6 23. Ra3 Ra8 24. Nc1 g6 25. Nb3 gxh5 26. Na5+ Kd7 27. Nxc4 dxc4 28.
Bd6 Rg8 29. g3 Nf3+ 30. Kg2 Nd2 31. Rh1 Nd5 32. Rh4 Nb1 33. Ra1 Nbxc3 34. Bc5 b4 35. Bxa7 b3 36. Bc5 b2 37. Rah1 b1=Q 38. Rxb1 Nxb1 39.
a7 c3 40. Rh1 Nd2 41. Rc1 Nb3 42. Rc2 Nxc5 43. dxc5 Kc6 44. Ra2 Ra8 45. Kf3 Kxc5 46. Ke4 Kc4 47. f4 Kb3 48. Ra1 Kb2 49. Rh1 c2 50. f5 c1=Q 51. Rxc1 Kxc1 52. fxe6 fxe6 53. Kd4 Rxa7 54. Kc5 Ra3 55. Kd6 Rxg3 56. Kxe6 h4 0-1

[Event "Late-Titled-Tuesday-Blitz-September-12-2023"]
[Site "Chess.com"]
[Date "2023.09.12"]
[Round "2"]
[White "Chessdude1987"]
[Black "Iball95"]
[Result "0-1"]
[WhiteElo "2427"]
[BlackElo "2780"]
[TimeControl "180+1"]
[EndTime "14:16:52 PDT"]
[Termination "Iball95 won by checkmate"]

1. e4 c5 2. Nf3 e6 3. g3 d5 4.
e5 Nc6 5. Bg2 f6 6. exf6 Nxf6 7.
d4 cxd4 8. Nxd4 Bc5 9. Nb3 Bb6 10. O-O O-O 11. Nc3 a6 12. Na4 Ba7 13. Nac5 Qe7 14. Be3 Ne5 15. Bd4 Nc6 16. Be3 Ne5 17. Bd4 Nc4 18.
Qe2 Qf7 19. Kh1 a5 20. a4 b6 21. Nd3 Ba6 22. f4 Rae8 23. Rae1 Ne4 24. Qg4 Bb8 25.
h4 h5 26. Qh3 Qg6 27. Kh2 Bc8 28. Ne5 Bxe5 29. Bxe5 Nxe5 30. fxe5 Nf2 31. Rxf2 Rxf2 32. Nd4 Ref8 33. Kg1 Rd2 34. c3 Rxb2 35. Rf1 Rxf1+ 36. Bxf1 Qe4 37. Qh1 Qe3# 0-1

[Event "Late-Titled-Tuesday-Blitz-September-12-2023"]
[Site "Chess.com"]
[Date "2023.09.12"]
[Round "2"]
[White "chosenpr"]
[Black "ChessSwole"]
[Result "0-1"]
[WhiteElo "2398"]
[BlackElo "2700"]
[TimeControl "180+1"]
[EndTime "14:16:52 PDT"]
[Termination "ChessSwole won by checkmate"]

1. e4 e5 2. Nf3 Nc6 3. Bb5 a6 4.
Ba4 Nf6 5. d3 Bc5 6. O-O b5 7. Bb3 O-O 8. c3 d6 9. h3 h6 10. Nbd2 Bb6 11. Re1 Ne7 12. Nf1 Ng6 13.
Be3 Bxe3 14. Nxe3 Be6 15. Nd5 c6 16. Nxf6+ Qxf6 17. d4 Rad8 18. Nh2 Nf4 19. Qf3 Qg5 20. Kh1 Kh7 21. Ng4 c5 22. Bc2 cxd4 23. cxd4 Rc8 24.
Rec1 Bxg4 25. hxg4 Ne6 26. dxe5 Nd4 27. Qd1 dxe5 28. Bd3 Rfd8 29. Rxc8 Rxc8 30. a4 bxa4 31. Bxa6 Rc2 32. Kg1 Qf4 33. Qf1 Qxg4 34. Rxa4 Nf3+ 35. Kh1 Qh5# 0-1

[Event "Late-Titled-Tuesday-Blitz-September-12-2023"]
[Site "Chess.com"]
[Date "2023.09.12"]
[Round "2"]
[White "petr577"]
[Black "farzadbfd"]
[Result "0-1"]
[WhiteElo "2327"]
[BlackElo "2696"]
[TimeControl "180+1"]
[EndTime "14:16:54 PDT"]
[Termination "farzadbfd won by resignation"]

1. d4 Nf6 2. Bg5 d5 3. e3 c5 4. Nc3 Bf5 5. Bxf6 gxf6 6. Bd3 Bg6 7. dxc5 e6 8. Nge2 Bxc5 9. Nf4 Nc6 10. Bxg6 hxg6 11.
Qe2 Bb4 12. O-O Bxc3 13. bxc3 Qd6 14. c4 g5 15. Nh3 d4 16. Rab1 O-O-O 17. Rfd1 Qe5 18.
Rb5 Qe4 19. Rdb1 dxe3 20. Rxb7 Rd2 21. Qxe3 Rhd8 22. Kh1 Qxc2 23. Qg3 Rd1+ 24. Ng1 Rxg1+ 25. Rxg1 Kxb7 26. h4 Rh8 0-1

[Event "Late-Titled-Tuesday-Blitz-September-12-2023"]
[Site "Chess.com"]
[Date "2023.09.12"]
[Round "2"]
[White "alexrustemov"]
[Black "gunslinger222"]
[Result "0-1"]
[WhiteElo "2813"]
[BlackElo "2437"]
[TimeControl "180+1"]
[EndTime "14:16:54 PDT"]
[Termination "gunslinger222 won by resignation"]

1. d4 Nf6 2. c4 g6 3. Nf3 Bg7 4. g3 O-O 5. Bg2 d6 6. Nc3 c5 7.
O-O Nc6 8. dxc5 dxc5 9. Bf4 Be6 10. Ne5 Nxe5 11. Bxe5 Nd7 12. Bxg7 Kxg7 13. b3 Rb8 14.
Qc2 a6 15. Rfd1 Qc7 16. Rd2 b5 17. Nd5 Bxd5 18. Rxd5 e6 19. Rd2 Qe5 20. Rad1 Nf6 21. Rd6 bxc4 22. Qxc4 a5 23. Rc6 Rfd8 24. Rxd8 Rxd8 25.
Bf3 Qa1+ 26. Kg2 Qe1 27. g4 Rd1 28. Kg3 Qg1+ 29. Bg2 Rd4 30. Rxc5 Rxc4 31. Rxc4 g5 32. Ra4 h6 33. h3 Qe1 34. e3 Qc3 35. Kh2 Nd5 36.
Bxd5 exd5 37. Kg2 Kf6 38. a3 Qxb3 39. Rxa5 Ke5 40. Ra7 f5 41. gxf5 Kxf5 42. Ra4 Qxa4 0-1

[Event "Late-Titled-Tuesday-Blitz-September-12-2023"]
[Site "Chess.com"]
[Date "2023.09.12"]
[Round "2"]
[White "WindWhistler11"]
[Black "kai_nov"]
[Result "1-0"]
[WhiteElo "2489"]
[BlackElo "2229"]
[TimeControl "180+1"]
[EndTime "14:16:57 PDT"]
[Termination "WindWhistler11 won on time"]

1. Nf3 d5 2. g3 c6 3. Bg2 Nf6 4.
b3 Bg4 5. Bb2 Nbd7 6. h3 Bh5 7.
c4 e6 8. O-O Be7 9. d3 O-O 10.
Qc2 Re8 11. Nbd2 Rc8 12. g4 Bg6 13. Nh4 e5 14. e3 Bd6 15. Nxg6 hxg6 16. Kh1 Nxg4 17.
hxg4 Qh4+ 18. Kg1 e4 19. f4 exf3 20. Nxf3 Qxg4 21. Rae1 Bg3 22. Re2 Qh5 23. e4 g5 24.
Bh1 g4 25. Nd4 g6 26. Rg2 Bd6 27. Nf5 Bc7 28. Ng7 Bb6+ 29. d4 Kxg7 30. Qc1 Rxe4 31.
Rh2 Qxh2+ 32. Kxh2 1-0

[Event "Late-Titled-Tuesday-Blitz-September-12-2023"]
[Site "Chess.com"]
[Date "2023.09.12"]
[Round "2"]
[White "VitorBronson"]
[Black "mishanick"]
[Result "0-1"]
[WhiteElo "2563"]
[BlackElo "3064"]
[TimeControl "180+1"]
[EndTime "14:16:58 PDT"]
[Termination "mishanick won on time"]

1. Nf3 d5 2. g3 g6 3. Bg2 Bg7 4. O-O e5 5. d3 Nc6 6. e4 Nge7 7. Re1 O-O 8. Nc3 dxe4 9. dxe4 Bg4 10. h3 Qxd1 11.
Rxd1 Bxf3 12. Bxf3 Nd4 13. Bg2 Nxc2 14. Rb1 Nd4 15. Bg5 Nec6 16. Nd5 h6 17. Be3 Rac8 18. b4 Rfe8 19. b5 Na5 20. Bf1 c6 21. bxc6 bxc6 22. Nc3 Red8 23. Kg2 Rc7 24. Rdc1 Rcd7 25. Na4 Bf8 26. Nc5 Rc7 27. Bd2 Bxc5 28. Bxa5 Bb6 29. Rxb6 axb6 30. Bxb6 Rdd7 31. Bxc7 Rxc7 32. a4 Ra7 33.
Rc4 f6 34. f4 Kf7 35. fxe5 fxe5 36. Rc5 Ke6 37. Rc4 Kd6 38. h4 Rb7 39. Rc1 Rb2+ 40. Kh3 Ra2 41. Bc4 Rxa4 42. Bf7 Ne2 43. Rd1+ Rd4 44. Re1 Rxe4 45. Rd1+ Rd4 46. Rxd4+ exd4 47. Bxg6 c5 48. Kg2 c4 49. Kf2 Nc3 50.
g4 Ke5 51. Bf7 Ne4+ 52. Ke2 c3 53. Bg6 c2 0-1

[Event "Late-Titled-Tuesday-Blitz-September-12-2023"]
[Site "Chess.com"]
[Date "2023.09.12"]
[Round "2"]
[White "Rud_Makarian"]
[Black "Arteler"]
[Result "1-0"]
[WhiteElo "2955"]
[BlackElo "2474"]
[TimeControl "180+1"]
[EndTime "14:16:58 PDT"]
[Termination "Rud_Makarian won by resignation"]

1. d4 d5 2. c4 c6 3. Nf3 Nf6 4. Nc3 a6 5. cxd5 cxd5 6. Bf4 Nc6 7. e3 Bf5 8. Qb3 Na5 9. Qd1 e6 10. Ne5 Rc8 11. g4 Be4 12. f3 Bg6 13. h4 h6 14.
Qa4+ Nc6 15. Rc1 Bd6 16. Bxa6 bxa6 17. Nxc6 Qd7 18. Bxd6 Qxc6 19. Qxc6+ Rxc6 20. Be5 O-O 21. Bxf6 gxf6 22. Kd2 Rb8 23. b3 Rbc8 24. f4 Kf8 25. Rhf1 f5 26. g5 hxg5 27. hxg5 Ke7 28. Na4 Rxc1 29. Rxc1 Rh8 30. Rc7+ Kd6 31. Ra7 Rh2+ 32.
Kd3 Rxa2 33. Rxa6+ Ke7 34. Nc5 Rb2 35. Kc3 Re2 36.
Kd3 Bh5 37. g6 Rg2 38. Ra7+ Kd6 39. gxf7 1-0

[Event "Late-Titled-Tuesday-Blitz-September-12-2023"]
[Site "Chess.com"]
[Date "2023.09.12"]
[Round "2"]
[White "Druid24"]
[Black "salomez"]
[Result "0-1"]
[WhiteElo "2618"]
[BlackElo "2303"]
[TimeControl "180+1"]
[EndTime "14:16:59 PDT"]
[Termination "salomez won by checkmate"]

1. e4 c5 2. Nc3 e6 3. Nge2 Nc6 4. g3 d5 5. exd5 exd5 6. Bg2 Nf6 7. O-O Be7 8. d4 cxd4 9. Nxd4 O-O 10. Re1 Bg4 11.
Qd2 Rc8 12. Nxc6 bxc6 13. b3 d4 14. Ne4 Nxe4 15. Bxe4 a5 16. Qf4 Qd7 17. Bb2 Bb4 18. Bxd4 Bxe1 19. Rxe1 f5 20. Bd3 Rfe8 21. Re5 Rxe5 22.
Bxe5 Re8 23. Bc4+ Kh8 24. Kg2 Qe7 25. Bc3 Qe4+ 26. Qxe4 fxe4 27. Bxa5 Bf3+ 28. Kh3 Re5 29. Bd8 Rh5+ 30. Bh4 g5 31. a4 g4# 0-1

[Event "Late-Titled-Tuesday-Blitz-September-12-2023"]
[Site "Chess.com"]
[Date "2023.09.12"]
[Round "2"]
[White "ozates"]
[Black "FairChess_on_YouTube"]
[Result "0-1"]
[WhiteElo "2562"]
[BlackElo "3057"]
[TimeControl "180+1"]
[EndTime "14:17:03 PDT"]
[Termination "FairChess_on_YouTube won by resignation"]

1. e4 e5 2. Nf3 Nc6 3. Bc4 Nf6 4.
d3 Be7 5. O-O O-O 6. Bb3 d6 7.
c3 Be6 8. Bc2 d5 9. Qe2 Re8 10.
Nbd2 a5 11. Re1 a4 12. a3 d4 13. c4 Nd7 14. Nf1 Nc5 15. Ng3 Qd7 16. h4 Bg4 17.
Bd2 Bxh4 18. Nf5 Bf6 19. Bb4 Ne6 20. Qd1 Nf4 21. Bxa4 Bxf3 22. Bxc6 Qxf5 23. Qxf3 Nh3+ 24. Qxh3 Qxh3 25. gxh3 bxc6 26. Bc5 Bg5 27. Re2 Reb8 28. b4 Ra4 29. Kf1 f6 30. Ke1 Kf7 31. Kd1 Ke6 32. Kc2 h5 33. Kb3 Ra5 34. Kc2 Ra4 35. Kb3 Rba8 36. Rea2 Bf4 37. Rg1 g5 38. f3 f5 39.
Rgg2 h4 40. exf5+ Kxf5 41. Rg4 Be3 42. Ra1 Bf4 43. Rg2 Bg3 44. Re2 Kf4 45. b5 cxb5 46. cxb5 Kxf3 47. Rc2 Ke3 48. Bb4 Kxd3 49. Rxc7 e4 50. Rc2 Rxb4+ 51. Kxb4 Kxc2 52. b6 d3 53. a4 d2 54. a5 d1=Q 55. Rxd1 Kxd1 56. Kb5 e3 57. b7 Rxa5+ 0-1

[Event "Late-Titled-Tuesday-Blitz-September-12-2023"]
[Site "Chess.com"]
[Date "2023.09.12"]
[Round "2"]
[White "Beca95"]
[Black "GiorgianBarbosa"]
[Result "1-0"]
[WhiteElo "2952"]
[BlackElo "2423"]
[TimeControl "180+1"]
[EndTime "14:17:05 PDT"]
[Termination "Beca95 won by checkmate"]

1. e4 c5 2. Nf3 g6 3. c3 Bg7 4. d4 cxd4 5. cxd4 d5 6. e5 Bg4 7. Nbd2 e6 8. h3 Bxf3 9. Nxf3 Ne7 10.
Bd3 O-O 11. O-O Nbc6 12. Be3 a6 13. Qd2 b5 14. Rac1 Qb6 15. Rc5 Rfc8 16. Rfc1 Bf8 17. g4 Na7 18. Bg5 Nec6 19. b4 a5 20. a3 axb4 21. axb4 Qb7 22. Bf6 Nb8 23. h4 Nd7 24. h5 Nxc5 25. bxc5 Nc6 26. Rb1 b4 27. Kg2 b3 28.
Qg5 Ra7 29. hxg6 fxg6 30. Bxg6 hxg6 31. Qxg6+ Bg7 32. Ng5 Kf8 33. Rh1 Nxd4 34. Be7+ Qxe7 35. Nh7+ Kg8 36. Nf6+ Kf8 37. Rh8+ Bxh8 38. Qg8# 1-0

[Event "Late-Titled-Tuesday-Blitz-September-12-2023"]
[Site "Chess.com"]
[Date "2023.09.12"]
[Round "2"]
[White "HamedWafa4"]
[Black "pirulillo"]
[Result "1-0"]
[WhiteElo "2539"]
[BlackElo "2327"]
[TimeControl "180+1"]
[EndTime "14:17:05 PDT"]
[Termination "HamedWafa4 won by checkmate"]

1. e4 c5 2. Nf3 e6 3. d4 cxd4 4. Nxd4 Nf6 5. Nc3 Nc6 6. a3 d6 7.
Be3 Be7 8. Qf3 O-O 9. O-O-O Qc7 10. Ndb5 Qb8 11. Qg3 Rd8 12. f4 a6 13. Nd4 Nxd4 14. Bxd4 b5 15. Bd3 e5 16. fxe5 Nh5 17. Qf3 dxe5 18.
Nd5 Bf8 19. Qxh5 exd4 20. Rhf1 Be6 21. Rf3 Bxd5 22. exd5 g6 23. Qg5 Qd6 24. Rdf1 Ra7 25. Rf5 b4 26. axb4 Qxb4 27. Qxd8 Rb7 28. b3 Rb8 29.
Qf6 Bh6+ 30. Kb1 Qc3 31. Qxf7+ Kh8 32. Qf6+ Bg7 33. Qc6 Rxb3+ 34. cxb3 Qxb3+ 35. Kc1 Bh6+ 36. R5f4 Qa3+ 37. Kd2 Qb2+ 38. Qc2 Qb4+ 39. Ke2 Qe7+ 40. Re4 Qg5 41. Qc8+ Kg7 42. Qf8# 1-0

[Event "Late-Titled-Tuesday-Blitz-September-12-2023"]
[Site "Chess.com"]
[Date "2023.09.12"]
[Round "2"]
[White "becemix"]
[Black "YellowJacek"]
[Result "0-1"]
[WhiteElo "2519"]
[BlackElo "2333"]
[TimeControl "180+1"]
[EndTime "14:17:05 PDT"]
[Termination "YellowJacek won on time"]

1. d4 Nf6 2. Nc3 d5 3. Bf4 c5 4. e3 Nc6 5. Nb5 e5 6. dxe5 Ne4 7. e6 Qa5+ 8. c3 Bxe6 9. Nc7+ Kd7 10. Nxa8 Bd6 11. Bxd6 Kxd6 12. f3 Nf6 13. Bd3 Rxa8 14.
Ne2 c4 15. Bc2 Qb6 16. Qc1 Re8 17. Kf2 Nd7 18. Re1 Nc5 19. Nd4 Ne5 20. Kg1 Ned3 21. Bxd3 Nxd3 22. Qc2 Nxe1 23. Rxe1 g6 24. h4 h5 25. Qf2 Ke7 26. Re2 Kf8 27. Qg3 Kg7 28. Qe5+ Kg8 29. Qf6 Qd8 30. Qxd8 Rxd8 31. Kf2 Kg7 32. Ke1 Kf6 33. Kd2 Ke5 34. Kc2 Rb8 35.
e4 dxe4 36. Rxe4+ Kd5 37. Nxe6 fxe6 38. Kd2 e5 39. Ke3 Rf8 40. b3 b5 41. Kd2 Rf4 42.
Rxf4 exf4 43. Kc2 a6 44. Kd2 Kc5 45. Kc2 Kd5 46. Kd2 cxb3 47. axb3 a5 48. Kd3 a4 49.
c4+ bxc4+ 50. bxc4+ Kc5 51. Kc3 a3 52. Kb3 a2 53. Kxa2 Kxc4 54. Kb2 Kd3 55. Kb3 Ke2 56.
Kc3 Kf2 0-1

[Event "Late-Titled-Tuesday-Blitz-September-12-2023"]
[Site "Chess.com"]
[Date "2023.09.12"]
[Round "2"]
[White "Al_Shima"]
[Black "Mops_2004"]
[Result "0-1"]
[WhiteElo "2359"]
[BlackElo "2722"]
[TimeControl "180+1"]
[EndTime "14:17:06 PDT"]
[Termination "Mops_2004 won by resignation"]

1. b3 d5 2. Bb2 c6 3. e3 Nf6 4. f4 g6 5. Nf3 Bg7 6. h3 O-O 7. g4 a5 8. a4 Ne4 9. Bxg7 Kxg7 10. Nc3 Ng3 11. Rg1 Nxf1 12. Kxf1 Qd6 13. d4 Nd7 14. h4 b5 15. Kf2 b4 16. Ne2 Nf6 17. g5 Ng4+ 18. Rxg4 Bxg4 19. Qd2 f6 20. Rg1 Bxf3 21.
Kxf3 fxg5 22. hxg5 e5 23. dxe5 Qxe5 24. Qd4 Rae8 25. Qxe5+ Rxe5 26. Rd1 c5 27. Ng3 Rxg5 28. e4 dxe4+ 29. Nxe4 Rgf5 30. Ke3 Rxf4 31. Nxc5 Rf3+ 32. Ke2 Rf2+ 33. Ke3 R8f3+ 34. Ke4 Rc3 35. Ne6+ Kf6 36. Nd4 h5 37. Re1 h4 38. Kd5 h3 39. Re6+ Kf7 40.
Re4 h2 41. Rh4 g5 42. Rh7+ Kg6 43. Rh8 g4 44. Rg8+ Kh7 0-1

[Event "Late-Titled-Tuesday-Blitz-September-12-2023"]
[Site "Chess.com"]
[Date "2023.09.12"]
[Round "2"]
[White "Jospem"]
[Black "Orest_Vovk"]
[Result "1-0"]
[WhiteElo "3103"]
[BlackElo "2591"]
[TimeControl "180+1"]
[EndTime "14:17:07 PDT"]
[Termination "Jospem won on time"]

1. e4 g5 2. d4 g4 3. Nc3 Bg7 4. Be3 h5 5. Qd2 c6 6. f3 d6 7. O-O-O Qa5 8. Kb1 b5 9. Bd3 Be6 10. b3 Nd7 11. Nge2 Nb6 12. Nf4 Bd7 13. Rhe1 c5 14.
Ncd5 Qxd2 15. Bxd2 Nxd5 16. Nxd5 Rc8 17. dxc5 dxc5 18.
Bc3 Bxc3 19. Nxc3 c4 20. bxc4 bxc4 21. Bf1 gxf3 22. gxf3 Nf6 23. e5 Nh7 24. f4 Nf8 25.
Re4 Be6 26. Kc1 Ng6 27. Red4 O-O 28. Be2 h4 29. Rg1 Kh8 30. Rg5 Rfd8 31. Rxd8+ Rxd8 32. f5 Bxf5 33. Rxf5 Kg7 34. e6 fxe6 35. Ra5 Nf4 36.
Bf1 Kf6 37. Ne4+ Kg6 38. Ra4 e5 39. Rxc4 Kf5 40. Nd2 1-0

[Event "Late-Titled-Tuesday-Blitz-September-12-2023"]
[Site "Chess.com"]
[Date "2023.09.12"]
[Round "2"]
[White "Athanasios2"]
[Black "F-Ghaith2021"]
[Result "0-1"]
[WhiteElo "2701"]
[BlackElo "2384"]
[TimeControl "180+1"]
[EndTime "14:17:08 PDT"]
[Termination "F-Ghaith2021 won on time"]

1. Nf3 Nf6 2. c4 g6 3. Nc3 Bg7 4.
g3 Nc6 5. Bg2 O-O 6. O-O e5 7.
b3 d6 8. Bb2 Re8 9. d3 h6 10.
a3 Kh7 11. b4 e4 12. dxe4 Nxe4 13.
Rc1 f5 14. e3 Ne5 15. Nxe5 Bxe5 16. Qc2 Nxc3 17. Bxc3 Qf6 18. Bxe5 Qxe5 19. Rfd1 h5 20. h4 a5 21. c5 dxc5 22. Rd5 Qe7 23. Rxc5 c6 24.
b5 Bd7 25. bxc6 bxc6 26. a4 Rec8 27. Qc3 Rc7 28. Rxa5 Rxa5 29. Qxa5 Be8 30. Rc5 Ra7 31. Qb4 Rb7 32. Qc3 Ra7 33. a5 Qd6 34. Bxc6 Rc7 35. a6 Rxc6 36. Rxc6 Bxc6 37. a7 Qd1+ 38. Qe1 Qxe1+ 0-1